 Dungeon Crawl Stone Soup version 0.19.0 (webtiles) character file.

19158 Danakh the Severer (level 12, -7/110 HPs)
             Began as a Minotaur Fighter on Nov 5, 2016.
             Was an Initiate of Gozag.
             Mangled by an orc knight
             ... wielding a +0 dire flail
              (32 damage)
             ... on level 1 of the Orcish Mines.
             The game lasted 00:45:46 (11644 turns).

Danakh the Severer (Minotaur Fighter)              Turns: 11644, Time: 00:45:48

Health: -7/110     AC: 21    Str: 26    XL:     12   Next: 34%
Magic:  11/11      EV:  7    Int:  5    God:    Gozag
Gold:   2395       SH: 13    Dex: 14    Spells: 0 memorised, 11 levels left

rFire  . . .     SeeInvis .     a - +0 war axe
rCold  . . .     Gourm    .     o - +0 plate armour (curse)
rNeg   . . .     Faith    .     c - +0 shield
rPois  .         Spirit   .     (helmet restricted)
rElec  .         Reflect  .     J - +2 cloak
rCorr  .         Harm     .     (no gloves)
MR     .....                    j - +1 pair of boots
Stlth  ..........               (no amulet)
                                q - +4 ring of dexterity
                                G - ring of flight

@: gold aura
A: retaliatory headbutt, horns 2
a: Potion Petition, Call Merchant, Bribe Branch, Renounce Religion, Evoke Flight


You were on level 1 of the Orcish Mines.
You worshipped Gozag.
Gozag was most pleased with you.
You were not hungry.

You visited 4 branches of the dungeon, and saw 16 of its levels.
You also visited: Sewer and Volcano.

You collected 3461 gold pieces.
You spent 231 gold pieces at shops.
You paid 835 gold pieces to Gozag.

Inventory:

Hand Weapons
 a - a +0 war axe (weapon)
 P - a +2 trident of piercing
 Q - a +0 dire flail of flaming
Armour
 b - a +0 scale mail
 c - a +0 shield (worn)
 j - a +1 pair of boots (worn)
 o - a cursed +0 plate armour (worn)
 J - a +2 cloak (worn)
 K - a +1 plate armour of fire resistance
Jewellery
 l - an uncursed ring of stealth
 q - a +4 ring of dexterity (right hand)
 v - an uncursed ring of wizardry
 G - a ring of flight (left hand)
Wands
 z - a wand of disintegration (11/24)
 H - a wand of iceblast (8/15)
Scrolls
 g - 15 scrolls of identify {unknown}
 h - a scroll of blinking {unknown}
 i - a scroll of enchant weapon {unknown}
 m - 2 scrolls of immolation {unknown}
 p - 3 scrolls of remove curse {unknown}
 s - a scroll of fear {unknown}
 u - 3 scrolls of random uselessness {unknown}
 w - 3 scrolls of enchant armour {unknown}
 x - 2 scrolls of noise {unknown}
 y - 2 scrolls of recharging {unknown}
 B - 5 scrolls of magic mapping {unknown}
 L - a scroll of holy word {unknown}
 M - a scroll of teleportation {unknown}
 N - a scroll of amnesia {unknown}
Potions
 d - 5 potions of might
 e - 8 potions of haste {unknown}
 k - 8 potions of curing {unknown}
 n - a potion of mutation {unknown}
 r - 2 potions of ambrosia {unknown}
 t - 5 potions of degeneration {unknown}
 A - 6 potions of heal wounds {unknown}
 C - 9 potions of brilliance {unknown}
 D - 4 potions of flight {unknown}
 E - 2 potions of agility {unknown}
 I - 2 potions of cancellation {unknown}
 O - a potion of lignification {unknown}
Books
 F - a book of Minor Magic

   Spells                             Type                      Level
   a - Magic Dart                     Conjuration                  1
   b - Blink                          Translocation                2
   c - Call Imp                       Summoning                    2
   d - Repel Missiles                 Charms/Air                   2
   e - Slow                           Hexes                        2
   f - Conjure Flame                  Conjuration/Fire             3
   g - Mephitic Cloud                 Conjuration/Poison/Air       3
Comestibles
 f - 5 bread rations


   Skills:
 + Level 11.4 Fighting
 * Level 15.0 Axes
 + Level 11.5 Armour
 + Level 11.3 Shields


You had 11 spell levels left.
You didn't know any spells.

Dungeon Overview and Level Annotations

Branches:
Dungeon (12/15)            Temple (1/1) D:6            Lair (1/6) D:11
    Orc (2/2) D:10
    Elf: Orc:2

Altars:
Ashenzari
Cheibriados
Dithmenos
Fedhas
Gozag
Kikubaaqudgha
Okawaru
Qazlal
Sif Muna
Yredelemnul

Shops:
D:7 [   Orc:1 *   Orc:2 *!


Innate Abilities, Weirdness & Mutations

You reflexively headbutt those who attack you in melee.
You have a pair of horns on your head.


Message History

The orc knight hits you with a dire flail!!
* * * LOW HITPOINT WARNING * * *
You barely miss the orc knight.
The orc knight is severely wounded.
You hit the orc knight but do no damage.
The orc knight hits you with an enchanted glaive.
* * * LOW HITPOINT WARNING * * *
You block the orc knight's attack.
You hit the orc knight.
The orc knight is severely wounded.
You hit the orc knight but do no damage.
The orc knight barely misses you. You furiously retaliate!
You headbutt the orc knight!
You hit the orc knight but do no damage.
You headbutt the orc knight, but do no damage.
The orc knight is severely wounded.
You hit the orc knight but do no damage.
The orc knight hits you with a dire flail!!
You die...
Your body crumbles into a pile of gold.

##.#...........#...........
###..............#........
#.......................
#.................#.....
##............#..###....
##.............#...##....
######.....#.........#........
##.##.#..#............##.#.....
#............o@o......##.......
##.##........[[[.....##.....#..
#####..#.....[).#.#####.......
#####.#..#.#### ####....
######## ##... #... ##.. #..
##.


You could see 2 orc knights.

Vanquished Creatures
  Snorg (D:10)
  Erica (D:11)
  An orc high priest (Orc:1)
  The ghost of RexxRaptorr the Spear-Bearer, a novice MfIE (D:9)
  2 skeletal warriors (Volcano)
  2 anaconda skeletons (Volcano)
  2 orc knights (Orc:1)
  2 orc sorcerers (Orc:1)
  A manticore (D:8)
  4 gargoyles (Volcano)
  2 two-headed ogres
  4 trolls
  A tengu conjurer (D:11)
  A hippogriff (Lair:1)
  3 flying skulls (Volcano)
  2 alligator skeletons (Volcano)
  5 yaks (D:10)
  Grum (D:8)
  A hungry ghost (D:4)
  Menkaure (D:7)
  4 wargs (Orc:1)
  2 hell hounds (D:11)
  A water moccasin (D:6)
  A black bear (D:10)
  An eye of draining (D:11)
  A phantom (D:6)
  12 orc warriors
  3 ice beasts
  3 sky beasts
  5 centaurs
  8 ogres
  4 wolves (D:8)
  3 big kobolds
  4 bullfrogs
  A gnoll sergeant (D:9)
  4 scorpions
  17 killer bees
  A water moccasin skeleton (D:8)
  2 spriggan skeletons (Volcano)
  2 troll skeletons (Volcano)
  2 howler monkeys
  5 crimson imps
  3 jellies
  A quasit (D:7)
  A centaur skeleton (D:6)
  7 orc priests
  4 hounds
  14 orc wizards
  7 bullfrog skeletons
  5 iguanas
  4 worker ants
  A killer bee zombie (D:3)
  3 naga skeletons (Volcano)
  A hound skeleton (D:6)
  2 hound zombies
  11 gnolls
  A howler monkey skeleton (D:6)
  11 adders
  8 river rats (Sewer)
  A shadow imp (D:8)
  5 oozes
  An adder zombie (D:6)
  2 worms
  A dart slug (D:2)
  8 leopard geckos
  35 orcs
  5 ball pythons
  A bat zombie (D:3)
  3 giant cockroaches
  5 goblins
  5 hobgoblins
  3 jackals (D:5)
  28 kobolds
  4 quokkas
  5 bats
  12 frilled lizards
  A leopard gecko skeleton (D:4)
  39 rats
  2 rat zombies (D:3)
374 creatures vanquished.

Vanquished Creatures (others)
  A jelly (D:11)
1 creature vanquished.

Grand Total: 375 creatures vanquished

Notes
Turn   | Place    | Note
-------+----------+-------------------------------------------
     0 | D:1      | Danakh the Minotaur Fighter began the quest for the Orb.
     0 | D:1      | Reached XP level 1. HP: 19/19 MP: 0/0
   364 | D:1      | Reached XP level 2. HP: 24/27 MP: 1/1
   460 | D:1      | Reached skill level 3 in Axes
   788 | D:2      | Reached XP level 3. HP: 32/33 MP: 2/2
   853 | D:2      | Found an iron altar of Okawaru.
  1122 | D:2      | Found a shadowy altar of Dithmenos.
  1122 | D:2      | Found a snail-covered altar of Cheibriados.
  1315 | D:2      | Reached XP level 4. HP: 37/40 MP: 3/3
  1530 | D:3      | Reached skill level 4 in Axes
  1659 | D:3      | Reached XP level 5. HP: 36/47 MP: 4/4
  1926 | D:3      | Found an ancient bone altar of Kikubaaqudgha.
  2075 | D:4      | Noticed an ogre
  2082 | D:4      | Killed an ogre
  2082 | D:4      | Reached skill level 5 in Fighting
  2082 | D:4      | Reached skill level 5 in Axes
  2082 | D:4      | Reached XP level 6. HP: 34/56 MP: 5/5
  2153 | D:4      | Found a glowing drain.
  2165 | Sewer    | Entered a sewer
  2303 | Sewer    | Reached skill level 5 in Armour
  2349 | Sewer    | Reached skill level 5 in Shields
  2408 | Sewer    | Reached skill level 6 in Axes
  2691 | D:4      | Noticed a hungry ghost
  2703 | D:4      | Reached XP level 7. HP: 57/61 MP: 6/6
  2722 | D:4      | Killed a hungry ghost
  3043 | D:5      | Entered Level 5 of the Dungeon
  3048 | D:5      | Reached skill level 7 in Axes
  3472 | D:5      | Reached XP level 8. HP: 71/71 MP: 7/7
  3845 | D:6      | Reached skill level 8 in Axes
  4119 | D:6      | Reached skill level 9 in Axes
  4142 | D:6      | Found a staircase to the Ecumenical Temple.
  4151 | Temple   | Entered the Ecumenical Temple
  4164 | Temple   | Became a worshipper of Gozag Ym Sagoz the Greedy
  4659 | D:7      | Noticed Menkaure
  4663 | D:7      | Killed Menkaure
  4698 | D:7      | Reached XP level 9. HP: 79/79 MP: 8/8
  4769 | D:7      | Found Zumm's Armour Emporium.
  4772 | D:7      | Bought a +2 cloak for 231 gold pieces
  5253 | D:8      | Reached skill level 10 in Axes
  5318 | D:8      | Noticed a troll
  5331 | D:8      | Killed a troll
  5655 | D:8      | Found a stormy altar of Qazlal.
  5947 | D:8      | Noticed Grum
  5954 | D:8      | Reached skill level 11 in Axes
  5964 | D:8      | Killed Grum
  5964 | D:8      | Reached XP level 10. HP: 62/90 MP: 9/9
  6095 | D:8      | Found a deep blue altar of Sif Muna.
  6559 | D:9      | Noticed RexxRaptorr's ghost (novice MfIE)
  6578 | D:9      | Killed RexxRaptorr's ghost
  7175 | D:10     | Entered Level 10 of the Dungeon
  7282 | D:10     | Reached skill level 12 in Axes
  7563 | D:10     | Noticed Snorg
  7578 | D:10     | Killed Snorg
  7578 | D:10     | Reached XP level 11. HP: 62/99 MP: 10/10
  7691 | D:10     | Noticed an eight-headed hydra
  7807 | D:11     | Reached skill level 13 in Axes
  7808 | D:11     | Noticed Erica
  7812 | D:11     | Reached skill level 10 in Fighting
  7827 | D:11     | Killed Erica
  8269 | D:10     | Found a staircase to the Orcish Mines.
  8275 | D:10     | Reached skill level 10 in Armour
  8427 | D:11     | Found a staircase to the Lair.
  8442 | D:11     | Reached skill level 10 in Shields
  8881 | Lair:1   | Entered Level 1 of the Lair of Beasts
  8882 | Lair:1   | Noticed a six-headed hydra
  9017 | D:12     | Noticed a deep elf mage
  9625 | Orc:1    | Entered Level 1 of the Orcish Mines
  9799 | Orc:1    | Noticed an orc sorcerer
  9811 | Orc:1    | Killed an orc sorcerer
  9873 | Orc:1    | Found Zetacher's General Store.
  9881 | Orc:1    | Noticed an orc sorcerer
  9891 | Orc:1    | Killed an orc sorcerer
 10171 | Orc:2    | Entered Level 2 of the Orcish Mines
 10171 | Orc:2    | Found Ziesoech's General Store.
 10229 | Orc:2    | Reached skill level 14 in Axes
 10291 | Orc:2    | Found a dark tunnel.
 10297 | Volcano  | Entered a volcano
 10511 | Volcano  | Noticed a skeletal warrior
 10536 | Volcano  | Killed a skeletal warrior
 10536 | Volcano  | Reached XP level 12. HP: 58/110 MP: 11/11
 10977 | Orc:2    | Found Milaaf's Distillery.
 10981 | Orc:2    | Noticed an orc high priest
 11428 | Orc:1    | Killed an orc high priest
 11428 | Orc:1    | Reached skill level 15 in Axes
 11644 | Orc:1    | Mangled by an orc knight

Skill      XL: |  1  2  3  4  5  6  7  8  9 10 11 12 |
---------------+-------------------------------------+-----
Axes           | 3 4 5 6 7 9 11 12 14 15 | 15.0
Shields        | 4 5 6 7 8 9 10 11 | 11.3
Armour         | 4 5 7 8 9 11 | 11.5
Fighting       | 4 5 6 7 8 9 11 | 11.4

Action                   |  1- 3 |  4- 6 |  7- 9 | 10-12 || total
-------------------------+-------+-------+-------+-------++-------
Melee: War axe           |   102 |   159 |   320 |   633 ||  1214
       Headbutt          |     9 |    36 |    78 |   163 ||   286
       Trident           |       |       |       |     2 ||     2
Invok: Potion Petition   |       |       |       |     3 ||     3
 Stab: Distracted        |       |       |       |     4 ||     4
       Invisible         |       |       |       |     1 ||     1
  Eat: Chunk             |       |     6 |     7 |       ||    13
       Beef jerky        |       |       |     4 |       ||     4
       Fruit             |       |       |     3 |     2 ||     5
       Bread ration      |       |       |       |     4 ||     4
       Pizza             |       |       |       |     1 ||     1
       Royal jelly       |       |       |       |     1 ||     1
Armor: Scale mail        |    13 |       |       |       ||    13
       Plate armour      |    49 |   111 |   203 |   249 ||   612
Dodge: Dodged            |    17 |    30 |    56 |   104 ||   207
Block: Shield            |    53 |   110 |   183 |   323 ||   669
